 Dungeon Crawl Stone Soup version 0.29.0 (webtiles) character file.

Game seed: 5902323345108128752

150380 slphil the Eclecticist (level 16, 0/97 HPs)
             Began as a Deep Elf Conjurer on Aug 24, 2022.
             Was a High Priest of Sif Muna.
             Slain by an eight-headed hydra (6 damage)
             ... on level 4 of the Swamp.
             The game lasted 02:05:36 (38485 turns).

slphil the Eclecticist (Deep Elf Conjurer)         Turns: 38485, Time: 02:05:36

Health: 0/97       AC: 16    Str:  1    XL:     16   Next: 98%
Magic:  14/37      EV: 16    Int: 32    God:    Sif Muna [*****.]
Gold:   427        SH:  0    Dex: 13    Spells: 1/45 levels left

rFire   + + .      SeeInvis .   b - +4 war axe of Papteps {spect, rElec rF++ rC+++ Str-3}
rCold   + + +      Faith    .   a - +0 kite shield {AC+3}
rNeg    . . .      Spirit   .   x - +2 robe {Archmagi}
rPois   .          Reflect  .   g - +1 helmet
rElec   +          Harm     .   d - +2 cloak
rCorr   .          Rampage  .   H - +0 pair of gloves
Will    ++...      Archmagi +   R - +2 pair of boots
Stlth   +.........              r - amulet of magic regeneration
HPRegen 0.26/turn               v - ring of wizardry
MPRegen 0.65/turn               X - ring of willpower

@: confused, lethally poisoned (0 -> -2), frozen, studying Ranged Weapons, very
slow
A: no striking features
a: Renounce Religion, Channel Magic, Forget Spell, Divine Exegesis


You were on level 4 of the Swamp.
You worshipped Sif Muna.
Sif Muna was extremely pleased with you.
You visited 6 branches of the dungeon, and saw 29 of its levels.
You also visited: Sewer.

You collected 2830 gold pieces.
You spent 2403 gold pieces at shops.

Inventory:

Hand Weapons
 b - the +4 war axe of Papteps (weapon) {spect, rElec rF++ rC+++ Str-3}
   (You bought it in a shop on level 10 of the Dungeon)

   When its wielder attacks, the weapon's spirit leaps out and strikes again.
   The spirit shares a part of any damage it takes with its wielder.
   Str:       It affects your strength (-3).
   rF:        It greatly protects you from fire.
   rC:        It renders you almost immune to cold.
   rElec:     It insulates you from electricity.
Armour
 a - a +0 kite shield of protection (worn)
 d - a +2 cloak (worn)
 e - a scarf of resistance
 g - a +1 helmet (worn)
 n - the +1 robe of Zuzxaurph {rElec rPois}
   (You found it on level 1 of the Lair of Beasts)

   rElec:     It insulates you from electricity.
   rPois:     It protects you from poison.
 x - a +2 robe of the Archmagi (worn)
 H - a +0 pair of gloves (worn)
 R - a +2 pair of boots (worn)
 V - a scarf of repulsion
 Y - a +3 ring mail of willpower
Jewellery
 r - an amulet of magic regeneration (around neck)
 v - a ring of wizardry (left hand)
 L - a +6 ring of intelligence
 P - a ring of magical power
 X - a ring of willpower (right hand)
Wands
 f - a wand of iceblast (46)
 j - a wand of mindburst (6)
 k - a wand of flame (16)
 A - a wand of digging (1)
 K - a wand of polymorph (6)
 M - a wand of acid (2)
Scrolls
 h - 6 scrolls of vulnerability
 o - 2 scrolls of summoning
 p - 2 scrolls of blinking
 q - 3 scrolls of magic mapping
 u - 4 scrolls of fear
 w - 8 scrolls of immolation
 y - 3 scrolls of poison
 C - 5 scrolls of teleportation
 E - a scroll of brand weapon
 J - 3 scrolls of butterflies
 W - a scroll of silence
 Z - 3 scrolls of enchant weapon
Potions
 c - 12 potions of curing
 i - 9 potions of brilliance
 l - 4 potions of lignification
 m - a potion of heal wounds
 s - 4 potions of might
 t - 5 potions of resistance
 z - 3 potions of invisibility
 B - 5 potions of flight
 D - a potion of ambrosia
 F - a potion of magic
 G - 6 potions of mutation
 I - 2 potions of cancellation
 N - a potion of berserk rage
 T - a potion of haste
Miscellaneous
 O - a tin of tremorstones (2/2)
 U - a condenser vane


   Skills:
 - Level 10.0 Fighting
 - Level 12.0 Dodging
 - Level 2.4 Stealth
 + Level 7.0 Shields
 - Level 15.0 Spellcasting
 - Level 15.0 Conjurations
 - Level 8.0 Hexes
 - Level 8.0 Summonings
 - Level 7.0 Translocations
 - Level 8.0 Transmutations
 - Level 8.0 Ice Magic
 - Level 6.0 Air Magic
 - Level 13.0 Invocations


You had one spell level left.
You knew the following spells:

 Your Spells              Type           Power      Damage    Failure   Level
a - Spellforged Servitor  Conj/Summ      49%        N/A       14%         7
b - Hailstorm             Conj/Ice       98%        3d19      1%          4
c - Freezing Cloud        Conj/Ice/Air   45%        6-21      1%          5
d - Fulminant Prism       Conj/Hex       49%        3d21      1%          4
e - Iskenderun's Mystic   Conj/Tloc      96%        2d19      1%          4
f - Orb of Destruction    Conj           55%        9d14      3%          7
g - Irradiate             Conj/Tmut      49%        3d28      1%          5
h - Lehudib's Crystal Sp  Conj/Erth      41%        10d10     99%         8

Your spell library contained the following spells:

 Spells                   Type           Power      Damage    Failure   Level
 Magic Dart               Conj           100%       1d8       0%          1
 Freeze                   Ice            100%       1d11      1%          1
 Sting                    Tmut/Pois      100%       1d8       1%          1
 Searing Ray              Conj           100%       2d8       0%          2
 Call Imp                 Summ           85%        N/A       1%          2
 Ensorcelled Hibernation  Hex/Ice        100%       N/A       1%          2
 Poisonous Vapours        Pois/Air       100%       N/A       1%          2
 Static Discharge         Conj/Air       95%        3-15/arc  1%          2
 Call Canine Familiar     Summ           85%        N/A       1%          3
 Conjure Flame            Conj/Fire      82%        6-21      1%          3
 Dazzling Flash           Conj/Hex       100%       N/A       1%          3
 Frozen Ramparts          Ice            100%       1d16      1%          3
 Ignite Poison            Fire/Tmut/Pois 57%        N/A       1%          3
 Mephitic Cloud           Conj/Pois/Air  80%        N/A       1%          3
 Portal Projectile        Hex/Tloc       100%       N/A       1%          3
 Spider Form              Tmut/Pois      65%        N/A       1%          3
 Stone Arrow              Conj/Erth      100%       3d13      1%          3
 Summon Guardian Golem    Hex/Summ       85%        N/A       1%          3
 Swiftness                Air            76%        N/A       1%          3
 Cause Fear               Hex            42%        N/A       1%          4
 Sticky Flame             Conj/Fire      82%        2d9       1%          4
 Summon Ice Beast         Ice/Summ       85%        N/A       1%          4
 Blade Hands              Tmut           42%        N/A       1%          5
 Iskenderun's Battlesphe  Conj           100%       2d15      1%          5
 Metabolic Englaciation   Hex/Ice        42%        N/A       1%          5
 Summon Mana Viper        Hex/Summ       85%        N/A       1%          5
 Yara's Violent Unravell  Hex/Tmut       42%        3d17      1%          5
 Sublimation of Blood     Necr           36%        N/A       2%          2
 Summon Forest            Summ/Tloc      41%        N/A       2%          5
 Anguish                  Hex/Necr       32%        N/A       3%          4
 Animate Armour           Summ/Erth      100%       N/A       3%          4
 Leda's Liquefaction      Hex/Erth       32%        N/A       3%          4
 Petrify                  Tmut/Erth      65%        N/A       3%          4
 Manifold Assault         Tloc           80%        N/A       3%          5
 Silence                  Hex/Air        40%        N/A       3%          5
 Conjure Ball Lightning   Conj/Air       47%        3x3d16    4%          6
 Alistair's Intoxication  Tmut/Pois      43%        N/A       11%         5
 Summon Cactus Giant      Summ           42%        N/A       11%         6
 Olgreb's Toxic Radiance  Pois           36%        N/A       19%         4
 Borgnjor's Vile Clutch   Necr/Erth      18%        N/A       45%         5
 Lee's Rapid Deconstruct  Erth           18%        3d12*     45%         5
 Eringya's Noxious Bog    Tmut/Pois      32%        N/A       45%         6
 Statue Form              Tmut/Erth      43%        N/A       45%         6
 Enfeeble                 Hex            42%        N/A       50%         7
 Monstrous Menagerie      Summ           42%        N/A       50%         7
 Summon Hydra             Summ           42%        N/A       50%         7
 Chain Lightning          Conj/Air       47%        3d63      100%        9
 Fire Storm               Conj/Fire      41%        8d10      100%        9


Dungeon Overview and Level Annotations

Branches:
Dungeon (15/15)            Temple (1/1) D:6            Lair (5/5) D:8
  Swamp (4/4) Lair:2        Snake (0/4) Lair:2        Slime (0/5) Lair:4
    Orc (2/2) D:11            Elf (2/3) Orc:2        Vaults (0/5) D:13
 Depths (0/4) D:15          Sewer (visited)

Altars:
Ashenzari
Cheibriados
Dithmenos
Elyvilon
Fedhas
Gozag
Hepliaklqana
Kikubaaqudgha
Makhleb
Nemelex Xobeh
Okawaru
Qazlal
Ru
Sif Muna
Trog
Uskayaw
Vehumet
Wu Jian
Xom
Yredelemnul
Zin
The Shining One
Lugonu

Shops:
D:9 [?[?   D:10 =*(((   Orc:1 [   Orc:2 ?=*([

Portals:
Abyss: Lair:5

Annotations:
Swamp:3 2 transporters
Swamp:4 Lernaean hydra


Message History

The eight-headed hydra closely misses you.
The eight-headed hydra bites you but does no damage. x2
The eight-headed hydra closely misses you.
The eight-headed hydra misses you.
The eight-headed hydra bites you but does no damage. x2
The eight-headed hydra closely misses you.
You are engulfed in noxious fumes.
You choke on the stench!
You are confused.
You feel sick.
The 27-headed Lernaean hydra bites you but does no damage.
The 27-headed Lernaean hydra bites you!
The 27-headed Lernaean hydra bites you but does no damage.
The 27-headed Lernaean hydra bites you.
The 27-headed Lernaean hydra bites you but does no damage.
The 27-headed Lernaean hydra closely misses you.
The 27-headed Lernaean hydra bites you but does no damage.
The 27-headed Lernaean hydra misses you.
The 27-headed Lernaean hydra bites you.
The 27-headed Lernaean hydra completely misses you.
The 27-headed Lernaean hydra bites you.
The 27-headed Lernaean hydra barely misses you.
The 27-headed Lernaean hydra misses you.
The 27-headed Lernaean hydra bites you.
The 27-headed Lernaean hydra completely misses you.
The 27-headed Lernaean hydra bites you but does no damage.
The 27-headed Lernaean hydra barely misses you.
The 27-headed Lernaean hydra bites you. x2
The 27-headed Lernaean hydra bites you but does no damage. x2
The 27-headed Lernaean hydra bites you!
* * * LOW HITPOINT WARNING * * *
The 27-headed Lernaean hydra bites you!
* * * LOW HITPOINT WARNING * * *
The 27-headed Lernaean hydra bites you!
* * * LOW HITPOINT WARNING * * *
The 27-headed Lernaean hydra bites you but does no damage.
The 27-headed Lernaean hydra barely misses you.
The 27-headed Lernaean hydra misses you.
The eight-headed hydra bites you but does no damage.
The eight-headed hydra misses you. The eight-headed hydra bites you.
You die...

**.~~~...~§~♣*♣.§..~~~D~°°
♣♣..~~~~...♣ ♣♣♣♣♣..~~~§~
♣♣....~~~~~~♣♣♣♣♣.~~....~!
♣~.~..§~~~~♣♣~..~§..~.♣..~
*♣<..~..~§~..~~§~§.~~.♣~♣♣
♣♣.~~.~~§~~~~~~~~~..♣♣♣*
♣♣.~..~~~~§k~~~~§~~.♣♣
♣.~~~~~~DDk~~~~~~.~♣♣
♣~~~§§~~○@○...~~~.~**
♣♣~♣♣~~§♣○○..~♣♣~..,*
♣~.....~♣♣D~§♣♣**~~~* ***
♣.~~.~~.♣♣.~~♣♣ *~,****~**
*♣.~~..§~...~~.♣
*****,,,~,
♣.§~.........~.♣ *,~~~,~
♣♣§~...♣♣.~~~~.♣ **,***,
♣♣§~~♣§.~~~~~~♣ *** **
♣♣♣♣♣§.†~~~~.♣***** *


You could see the 27-headed Lernaean hydra, an eight-headed hydra, a swamp
dragon, a rime drake (catching breath) and a swamp drake (catching breath).

Vanquished Creatures
  Frances (Swamp:1)
  Kirke (Swamp:1)
  3 thorn hunters (Swamp:3)
  A fenstrider witch (Swamp:2)
  An orc warlord (Orc:2)
  A deep elf demonologist (Elf:1)
  7 eleionomae
  4 bunyips
  Snorg (Lair:4)
  A vault guard (D:13)
  16 hydras
  5 boulder beetles
  A death knight (D:13)
  6 centaur warriors
  2 two-headed ogres
  5 dancing weapons (Elf:1)
  7 alligators
  A death yak (D:10)
  A vampire mage (D:15)
  4 thrashing horrors (Lair:5)
  Urug (Lair:3)
  2 large abominations (Lair:5)
  A shock serpent (shapeshifter) (D:13)
  An orc high priest (Orc:2)
  7 deep elf knights
  2 skeletal warriors (D:15)
  A storm dragon skeleton (D:15)
  2 goliath frogs
  2 spriggan druids (Swamp:4)
  A golden dragon zombie (D:15)
  A glowing orange brain (D:13)
  Pikel (D:7)
  A wizard (D:14)
  4 swamp dragons
  2 bog bodies (Swamp:2)
  6 deep elf archers
  A harpy (shapeshifter) (D:15)
  6 orc knights
  14 deep elf zephyrmancers
  A necromancer (D:15)
  4 oklob plants (Lair:4)
  5 will-o-the-wisps
  7 orc sorcerers
  13 deep elf pyromancers
  15 ugly things
  2 cyclopes
  A sphinx skeleton (D:15)
  A stone giant zombie (D:15)
  6 elephants (Lair:2)
  4 black mambas (Lair:2)
  A torpor snail (Lair:4)
  3 gargoyles
  3 smoke demons (Lair:5)
  12 cane toads
  3 demonic crawlers (D:13)
  4 unseen horrors
  An efreet (D:14)
  10 komodo dragons
  3 ancient zymes (Lair:5)
  2 yaktaurs (D:13)
  5 rime drakes
  10 tyrant leeches
  4 trolls
  2 bloated husks (Swamp:3)
  2 hornets
  3 polar bears
  A slime creature (D:13)
  13 blink frogs
  3 spriggans
  2 air elementals (Elf:1)
  2 shadows (D:11)
  Sigmund (D:3)
  2 water elementals (Elf:1)
  4 centaur simulacra (D:11)
  8 basilisks
  3 ynoxinuls (Lair:5)
  5 wyverns
  2 fire elementals
  2 wraiths
  A hog (Swamp:1)
  65 yaks
  A human (Swamp:1)
  4 steam dragons
  19 vampire mosquitoes
  8 wargs
  18 swamp worms
  22 water moccasins
  Duvessa (D:6)
  A floating eye (D:13)
  33 orc warriors
  A meliai simulacrum (D:15)
  A black bear (shapeshifter) (D:14)
  A black bear (D:7)
  9 ice beasts
  3 swamp drakes
  8 ogres
  5 wolves
  12 small abominations
  15 centaurs
  3 lemures (D:7)
  3 kobold brigands
  14 bullfrogs
  2 gnoll sergeants
  Blork the orc (Orc:2)
  4 necrophages
  3 scorpions
  15 wights
  Dowan (D:6)
  4 killer bees
  7 howler monkeys
  3 electric eels
  8 hounds
  A gnoll bouda (D:6)
  3 jellies
  15 orc priests
  Crazy Yiuf (D:3)
  Terence (D:3)
  9 hell rats (Lair:3)
  Natasha (thrice) (D:3)
  3 iguanas
  26 orc wizards
  15 gnolls
  17 adders
  6 river rats
  6 white imps
  A howler monkey simulacrum (D:11)
  3 worms
  4 dart slugs
  71 orcs
  3 ball pythons
  A bat zombie (D:3)
  5 endoplasms
  7 giant cockroaches
  3 hobgoblins
  2 quokkas
  3 bats
  A frilled lizard (D:1)
  6 goblins
  21 kobolds
  19 rats
  2 rat zombies (D:3)
854 creatures vanquished.

Vanquished Creatures (collateral kills)
  Louise (D:15)
1 creature vanquished.

Vanquished Creatures (others)
  An orc (D:11)
  A bush (D:8)
  2 foxfires (Swamp:2)
  99 fulminant prisms
  41 fungi
  65 plants
  5 withered plants (D:15)
214 creatures vanquished.

Grand Total: 1069 creatures vanquished

Notes
Turn   | Place    | Note
-------+----------+-------------------------------------------
     0 | D:1      | slphil the Deep Elf Conjurer began the quest for the Orb.
     0 | D:1      | Reached XP level 1. HP: 10/10 MP: 6/6
   309 | D:1      | Found a faded altar of an unknown god.
   315 | D:1      | Reached XP level 2. HP: 15/15 MP: 4/8
   955 | D:2      | Learned a level 2 spell: Searing Ray
   964 | D:2      | Reached skill level 5 in Conjurations
   964 | D:2      | Reached XP level 3. HP: 19/19 MP: 4/10
  1655 | D:3      | Noticed Sigmund
  1660 | D:3      | Learned a level 3 spell: Dazzling Flash
  1791 | D:3      | Sigmund has Archmagi!
  2126 | D:4      | Reached skill level 1 in Fighting
  2126 | D:4      | Reached XP level 4. HP: 22/25 MP: 5/12
  2128 | D:4      | Reached skill level 5 in Spellcasting
  2342 | D:4      | Reached XP level 5. HP: 29/29 MP: 11/14
  2362 | D:4      | Learned a level 4 spell: Fulminant Prism
  3024 | D:5      | Entered Level 5 of the Dungeon
  3030 | D:5      | Reached skill level 1 in Hexes
  3112 | D:5      | Reached XP level 6. HP: 35/35 MP: 12/16
  3241 | D:5      | Found a glowing drain.
  3247 | Sewer    | Entered a sewer
  3932 | D:5      | HP: 1/35 [centaur/arrow (10)]
  3935 | D:5      | Reached XP level 7. HP: 2/40 MP: 12/18
  4231 | D:5      | Learned a level 4 spell: Iskenderun's Mystic Blast
  4267 | D:5      | Reached skill level 1 in Translocations
  4652 | D:5      | Found an ornate altar of the Wu Jian Council.
  5097 | D:3      | Found an ancient bone altar of Kikubaaqudgha.
  5131 | D:3      | Noticed Terence
  5136 | D:3      | Killed Terence
  5143 | D:3      | Noticed Natasha
  5146 | D:3      | Killed Natasha
  5147 | D:3      | Reached XP level 8. HP: 46/46 MP: 8/20
  5187 | D:3      | Killed Sigmund
  5590 | D:3      | Found a runed translucent door.
  5591 | D:3      | Noticed Crazy Yiuf
  5690 | D:3      | Noticed Natasha
  5698 | D:3      | Killed Natasha
  5808 | D:3      | Noticed Natasha
  5814 | D:3      | Killed Natasha
  5858 | D:3      | Killed Crazy Yiuf
  5952 | D:6      | Noticed a two-headed ogre
  5984 | D:6      | Noticed Duvessa
  5988 | D:6      | Killed Duvessa
  5988 | D:6      | Noticed Dowan
  5998 | D:6      | Killed Dowan
  6142 | D:6      | Found a staircase to the Ecumenical Temple.
  6148 | Temple   | Entered the Ecumenical Temple
  6198 | Temple   | Became a worshipper of Sif Muna the Loreminder
  6231 | D:6      | Found a radiant altar of Vehumet.
  6264 | D:6      | Found a stormy altar of Qazlal.
  6749 | D:6      | Reached XP level 9. HP: 52/52 MP: 19/23
  6833 | D:6      | Reached skill level 5 in Hexes
  6979 | D:6      | Killed a two-headed ogre
  6980 | D:6      | Reached skill level 5 in Fighting
  6980 | D:6      | Reached skill level 5 in Translocations
  7435 | D:7      | Noticed Pikel
  7440 | D:7      | Killed Pikel
  7532 | D:7      | Reached * piety under Sif Muna
  7680 | D:7      | Reached XP level 10. HP: 59/61 MP: 19/25
  8110 | D:7      | Found a burning altar of Makhleb.
  8343 | D:8      | Reached skill level 1 in Invocations
  8744 | D:8      | Reached ** piety under Sif Muna
  8746 | D:8      | Reached skill level 10 in Conjurations
  8815 | D:8      | You fall into a shaft and drop 1 floor!
  8816 | D:9      | Found a sparkling altar of Nemelex Xobeh.
  8876 | D:9      | Reached XP level 11. HP: 68/68 MP: 10/26
  9368 | D:9      | Found a blossoming altar of Fedhas.
  9394 | D:9      | Found Neloi's Armour Shoppe.
  9436 | D:9      | Found Zumyppion's Magic Scroll Shop.
  9483 | D:9      | Found Kycrovuq's Antique Armour Shop.
  9603 | D:9      | Reached *** piety under Sif Muna
  9704 | D:9      | Found Emegaen's Magic Scroll Boutique.
  9712 | D:9      | Bought a scroll of identify for 30 gold pieces
  9712 | D:9      | Bought a scroll of identify for 30 gold pieces
  9936 | D:10     | Entered Level 10 of the Dungeon
  9936 | D:10     | Found Jiwop's Antique Weapon Shoppe.
  9936 | D:10     | Found Wecit's Weapon Shoppe.
  9939 | D:10     | Found Veel's Weapon Shop.
 10075 | D:10     | Reached skill level 5 in Invocations
 10191 | D:10     | Learned a level 7 spell: Orb of Destruction
 10223 | D:10     | Found a sacrificial altar of Ru.
 10267 | D:10     | Found Cafirapp's General Store.
 10274 | D:10     | Found a shimmering altar of Xom.
 10320 | D:10     | Found Ubaim's Jewellery Shop.
 10594 | D:10     | Learned a level 5 spell: Irradiate
 10899 | D:11     | Noticed a death yak
 11382 | D:11     | Noticed a boulder beetle
 11554 | D:10     | Killed a death yak
 11763 | D:11     | Found a staircase to the Orcish Mines.
 12057 | D:11     | Killed a boulder beetle
 12058 | D:11     | Reached skill level 10 in Spellcasting
 12128 | D:11     | Reached **** piety under Sif Muna
 12361 | D:11     | Found a faded altar of an unknown god.
 12361 | D:11     | Found a hazy altar of Hepliaklqana.
 12363 | D:11     | Found a faded altar of an unknown god.
 12677 | D:11     | Reached XP level 12. HP: 73/75 MP: 20/28
 12719 | D:11     | Noticed a six-headed hydra
 12726 | D:11     | Killed a six-headed hydra
 12926 | D:9      | Bought a pair of boots for 148 gold pieces
 13110 | D:12     | Noticed a boulder beetle
 13113 | D:12     | Killed a boulder beetle
 13205 | D:10     | Learned a level 4 spell: Hailstorm
 13240 | Orc:1    | Entered Level 1 of the Orcish Mines
 13277 | Orc:1    | Reached skill level 1 in Ice Magic
 13622 | Orc:1    | Reached skill level 1 in Transmutations
 13734 | Orc:1    | Found Ickuer's Antique Armour Shoppe.
 13749 | Orc:1    | Bought a runed scarf for 184 gold pieces
 13966 | D:10     | Bought a scarf of resistance for 448 gold pieces
 14030 | Orc:2    | Entered Level 2 of the Orcish Mines
 14658 | Orc:2    | Reached ***** piety under Sif Muna
 14808 | Orc:2    | Received a gift from Sif Muna
 14809 | Orc:2    | Got Sif Muna's Lectures on Confrontation and Companions
                  | {god gift}
 14816 | Orc:2    | Learned a level 5 spell: Freezing Cloud
 14882 | Orc:2    | Reached skill level 5 in Ice Magic
 14988 | Orc:2    | Found Odoq's Magic Scroll Emporium.
 14997 | Orc:2    | Bought a scroll of identify for 36 gold pieces
 14997 | Orc:2    | Bought a scroll of identify for 36 gold pieces
 15023 | Orc:2    | Reached skill level 1 in Air Magic
 15308 | Orc:2    | Noticed an orc high priest
 15313 | Orc:2    | Reached XP level 13. HP: 72/80 MP: 13/30
 15488 | Orc:2    | Noticed an orc warlord
 15523 | Orc:2    | Killed an orc warlord
 15855 | Orc:2    | Reached skill level 5 in Transmutations
 15921 | Orc:2    | Noticed Blork the orc
 15923 | Orc:2    | Killed Blork the orc
 16033 | Orc:2    | Found Isotrup's Antique Armour Emporium.
 16070 | Orc:2    | Found Nauvopyn's Jewellery Emporium.
 16106 | Orc:2    | Found a staircase to the Elven Halls.
 16210 | Orc:2    | Found Oxzo's Antique Weapon Emporium.
 16224 | Orc:2    | Found Fuqughim's General Store.
 16232 | Orc:2    | Upgraded the game from 0.29-b1-12-g9e2288ab2a to 0.29.0
 16983 | D:8      | Found a staircase to the Lair.
 17184 | D:8      | Found an iron altar of Okawaru.
 17643 | Lair:1   | Entered Level 1 of the Lair of Beasts
 17920 | Lair:1   | Identified the +1 robe of Zuzxaurph {rElec rPois}
 19168 | Lair:2   | Found a staircase to the Snake Pit.
 19203 | Lair:2   | Reached skill level 5 in Air Magic
 19461 | Lair:2   | Received a gift from Sif Muna
 19466 | Lair:2   | Got Sif Muna's Secrets of Charms {god gift}
 19718 | Lair:2   | Found a staircase to the Swamp.
 20057 | Lair:2   | Reached XP level 14. HP: 86/86 MP: 14/31
 20239 | Lair:3   | Noticed Urug
 20244 | Lair:3   | Killed Urug
 21144 | Lair:3   | Reached skill level 10 in Invocations
 22039 | Lair:4   | Noticed Snorg
 22043 | Lair:4   | Killed Snorg
 22508 | Lair:4   | Received a gift from Sif Muna
 22520 | Lair:4   | Got Sif Muna's Hermeneutics, Part Five {god gift}
 22579 | Lair:4   | Learned a level 7 spell: Spellforged Servitor
 22664 | Lair:4   | Reached skill level 10 in Fighting
 22931 | Lair:4   | Reached skill level 1 in Summonings
 23285 | Lair:4   | Found a staircase to the Slime Pits.
 23532 | Lair:5   | Entered Level 5 of the Lair of Beasts
 24007 | Lair:5   | HP: 4/88 [six-headed hydra (14)]
 24898 | Lair:5   | Reached skill level 5 in Summonings
 25447 | Lair:5   | Found a corrupted altar of Lugonu.
 25447 | Lair:5   | Found a one-way gate to the infinite horrors of the Abyss.
 25933 | D:13     | Reached XP level 15. HP: 92/92 MP: 24/34
 25964 | D:13     | Found a gate to the Vaults.
 28587 | D:13     | Got Zenuno's Codex of Quantum Congelation
 28843 | D:14     | Found a hide-covered altar of Uskayaw.
 29455 | D:10     | Bought the +4 war axe of Papteps {spect, rElec rF++ rC+++
                  | Str-3} for 1244 gold pieces
 30244 | D:15     | Entered Level 15 of the Dungeon
 30426 | D:15     | Reached skill level 15 in Spellcasting
 30481 | D:15     | Found a staircase to the Depths.
 30942 | D:15     | Noticed Louise
 30967 | D:15     | Killed Louise
 31674 | Elf:1    | Entered Level 1 of the Elven Halls
 32185 | Elf:1    | Reached skill level 15 in Conjurations
 32466 | Elf:1    | Got the Directory of Production
 32476 | Elf:1    | Learned a level 8 spell: Lehudib's Crystal Spear
 32641 | Elf:1    | Reached skill level 5 in Dodging
 32726 | Elf:1    | Paralysed by an air elemental for 1 turns
 33101 | Elf:1    | Paralysed by an air elemental for 1 turns
 33166 | Elf:1    | Reached XP level 16. HP: 91/97 MP: 7/37
 33293 | Elf:1    | Received a gift from Sif Muna
 33294 | Elf:1    | Got Zoriz's Omnibus of Variable Weather {god gift}
 33997 | D:9      | Bought a shiny kite shield for 247 gold pieces
 34127 | Swamp:1  | Entered Level 1 of the Swamp
 34183 | Swamp:1  | Noticed Kirke
 34188 | Swamp:1  | Killed Kirke
 34422 | Swamp:1  | Reached skill level 10 in Dodging
 34645 | Swamp:1  | Noticed Frances
 34649 | Swamp:1  | Killed Frances
 35498 | Swamp:2  | Reached skill level 1 in Shields
 36052 | Swamp:2  | Identified the +2 robe of Winter {rPois Str+4 Int+2}
 36501 | Swamp:3  | Noticed a thorn hunter
 36704 | Swamp:3  | Noticed a thorn hunter
 36710 | Swamp:3  | Killed a thorn hunter
 36814 | Swamp:3  | Found a transporter.
 37003 | Swamp:3  | Reached skill level 5 in Shields
 37148 | Swamp:3  | Found a transporter.
 37460 | Swamp:3  | Noticed a thorn hunter
 37464 | Swamp:3  | Killed a thorn hunter
 37475 | Swamp:3  | Killed a thorn hunter
 37734 | Swamp:4  | Entered Level 4 of the Swamp
 37735 | Swamp:4  | Received a gift from Sif Muna
 37736 | Swamp:4  | Got Avyvo's Octavo of Calling and Conjuration {god gift}
 38473 | Swamp:4  | Noticed the 27-headed Lernaean hydra
 38485 | Swamp:4  | Slain by an eight-headed hydra

Illustrated notes

#########
#.@.....#
#.#####.#
#.#.###
#.#...#
#.#.#.#
#.#.#.#
#.#.#.#
#<..#.#
#.###.#


Turn 1791 on D:3: Sigmund has Archmagi!

Levels and vault maps discovered:
D:1:      heliophobic_arrival_henge, layout_basic,
          ebering_ecumenical_altar_abandoned, minmay_misc_feat_roman,
          minmay_pentomino_r2
D:2:      layout_loops_cross
D:3:      layout_basic, lemuel_zombie_altar_kikubaaqudgha,
          chequers_serial_rivers_small_b, uniq_crazy_yiuf_cottage, uniq_terence,
          uniq_sigmund, uniq_natasha
D:4:      layout_loops_ring
D:5:      layout_loops_ring, mainiacjoe_overflow_24_doors,
          gup_sewer_entry_bubbles, chequers_serial_rivers_large_b
D:6:      nicolae_cairo_tiling_very_big, layout_loops_ring,
          nicolae_qazlal_eye_of_the_storm, vehumet_crystals,
          minmay_temple_entry_drinking_statues, kennysheep_potato, uniq_duvessa
D:7:      layout_loops_cross, makhleb_heckhound_becter, uniq_pikel
D:8:      layout_rooms, mainiacjoe_overflow_concentric_impassable,
          minmay_lair_entry_grove, kennysheep_generic_room_3
D:9:      layout_long_grid, lemuel_tele_altar, old_standard_altar, serial_shops,
          nicolae_diamond_shop, shop, nicolae_shop_waterfront,
          nicolae_lakefront_shop
D:10:     layout_rooms, mainiacjoe_overflow_tiny_flanked,
          nicolae_ru_great_annihilating_truth, serial_shops,
          nicolae_shop_hallway_plus, nicolae_stop_n_shop_2, shop,
          nicolae_shop_stone, nicolae_diamond_shop
D:11:     cheibrodos_barr_body, layout_cave_pools, david_orc_2, serial_ice,
          serial_ice_o, serial_ice_g, serial_ice_m, serial_ice_f, serial_ice_d,
          serial_ice_h, serial_ice_n, serial_ice_j, serial_ice_a, serial_ice_b,
          portal_ice_cave_entry_pillars_2,
          nicolae_hepliaklqana_ecumenical_no_more
D:12:     layout_basic
D:13:     cheibrodos_hippocracy, layout_stronghold, david_vaults_5, st_stairs_2
D:14:     layout_basic, nicolae_uskayaw_en_pointe
D:15:     gammafunk_depths_entry_grave, layout_small_grid, serial_bayou_pond_c,
          hangedman_decor_diamond_cutter, uniq_louise
Temple:   nicolae_temple_ecumenical_triangle
Lair:1:   layout_regular_city, minivault_19, beast_lair_carwin_9
Lair:2:   layout_regular_city, palyth_hydra_swamp_entry,
          minmay_snake_entry_six_corridors, infiniplex_staircase_pool
Lair:3:   layout_concentric_octagons, kennysheep_abandoned_house,
          grunt_megastairs_2, uniq_urug
Lair:4:   layout_regular_city, minmay_slime_entry_oklob_enclosed,
          infiniplex_staircase_pool_2, uniq_snorg
Lair:5:   hellmonk_lair_end_abyssal_woods, layout_loops_ring
Swamp:1:  layout_basic_swamp, evilmike_swamp_ruin_house_5, swamp_pool4,
          uniq_frances, uniq_kirke
Swamp:2:  layout_falls_marsh, nicolae_swamp_feature_on_the_river_bank
Swamp:3:  gammafunk_worm_tunnel, layout_basic_swamp, nicolae_swamp_tree_isthmus
Swamp:4:  swamp_alternative, layout_basic_swamp, swamp_pool4,
          hangedman_swamp_dais
Orc:1:    layout_diamond_mine, serial_shops, shop_statue
Orc:2:    grunt_orc_cross, layout_diamond_mine, guppyfry_orc_lava_fort
Elf:1:    layout_geoelf_diagonals, minmay_elf_demonology
Elf:2:    nicolae_elf_blades_crystal_corner, layout_gridlike

Skill      XL: |  1  2  3  4  5  6  7  8  9 10 11 12 13 14 15 16 |
---------------+-------------------------------------------------+-----
Spellcasting   | 4 5 6 7 8 9 10 11 13 15 | 15.0
Conjurations   | 5 6 8 10 12 13 15 | 15.0
Fighting       | 1 2 3 4 6 7 8 9 10 | 10.0
Hexes          | 2 4 8 |  8.0
Translocations | 3 4 5 6 7 |  7.0
Invocations    | 4 6 8 9 11 13 | 13.0
Ice Magic      | 5 8 |  8.0
Transmutations | 4 7 8 |  8.0
Air Magic      | 1 5 6 |  6.0
Summonings     | 6 8 |  8.0
Dodging        | 6 12 | 12.0
Shields        | 7 |  7.0
Stealth        | |  2.4

Action                   |  1- 3 |  4- 6 |  7- 9 | 10-12 | 13-15 | 16-18 || total
-------------------------+-------+-------+-------+-------+-------+-------++-------
Melee: Dagger            |       |     1 |       |       |       |       ||     1
       Short sword       |       |       |       |    21 |    50 |       ||    71
       Rapier            |       |       |       |       |    50 |       ||    50
       Punch             |       |       |       |       |     2 |       ||     2
       War axe           |       |       |       |       |     4 |    10 ||    14
 Cast: Magic Dart        |    69 |   127 |   119 |   224 |    24 |       ||   563
       Searing Ray       |     1 |     5 |    28 |    39 |       |       ||    73
       Fulminant Prism   |       |       |    25 |    60 |    14 |       ||    99
       Iskenderun's Myst |       |       |     6 |    73 |    95 |    39 ||   213
       Orb of Destructio |       |       |       |    44 |   345 |   150 ||   539
       Freezing Cloud    |       |       |       |     5 |    21 |     3 ||    29
       Hailstorm         |       |       |       |     5 |     1 |       ||     6
       Irradiate         |       |       |       |     1 |     2 |     1 ||     4
       Spellforged Servi |       |       |       |       |     2 |     1 ||     3
Invok: Forget Spell      |       |       |       |     1 |     1 |       ||     2
       Channel Magic     |       |       |       |       |     6 |       ||     6
Evoke: Wand              |       |       |       |       |     1 |     5 ||     6
  Use: Scroll            |     4 |     1 |     5 |    17 |     8 |     6 ||    41
       Potion            |       |       |       |     1 |     3 |       ||     4
 Stab: Sleeping          |       |       |       |     1 |     2 |       ||     3
Armor: Robe              |     2 |     3 |     6 |    32 |    64 |    28 ||   135
Dodge: Dodged            |     4 |    19 |    23 |    64 |   137 |    34 ||   281
Block: Kite shield       |       |       |       |       |       |    11 ||    11
